NCAA
GEORGIA TECH YELLOW JACKETS @ UCLA BRUINS
04/11/2023
 
TOP OF THE 1ST
Georgia Tech Yellow Jackets batting - Pitching for UCLA Bruins : RHP Salvador De Jesús
Pitching: RHP Salvador De Jesús
Batting: RHB Flint Todd 0-0: Ball
1-0: Ball
2-0: Called Strike
2-1: Foul Ball, location: 2F
2-2: Strikes out swinging
Batting: SHB Alfonso Escasán 0-0: Ball
1-0: Ball
2-0: Ball
3-0: Called Strike
3-1: Called Strike
3-2: Base on Balls
Batting: RHB Brian Cannon 0-0: Fielders Choice at 2nd, 2-6 (Groundball, 2R)
Batting: RHB Luis Antonio Cuevas 0-0: Fly out, F2 (Popup, 2R)
Top of the 1st over - 0 run(s), 0 hit(s), 0 error(s), 1 left on base; Georgia Tech 0 - UCLA 0
BOTTOM OF THE 1ST
UCLA Bruins batting - Pitching for Georgia Tech Yellow Jackets : RHP Mark Anderson
Pitching: RHP Mark Anderson
Batting: LHB Pedro Ramos 0-0: SINGLE (Groundball, 25) (infield hit)
Batting: RHB Bill Powell Pickoff Throw to First - Error! E1
Pedro Ramos to second
0-0: Ball
1-0: Called Strike
1-1: SINGLE (Groundball, 6MD)
Pedro Ramos to third
Runner from 3rd tries for Home, SAFE, no throw or cutoff
Batting: RHB Lonnie Anderson 0-0: Ball
Bill Powell steals 2nd base
1-0: Ball
2-0: Ball
3-0: Called Strike
3-1: Foul Ball, location: 2F
3-2: Foul Ball, location: 2F
3-2: Foul Ball, location: 2F
3-2: Foul Ball, location: 2F
3-2: Strikes out swinging
Batting: LHB Brian Bauer 0-0: Ball
1-0: Called Strike
1-1: Foul Ball, location: 2F
1-2: Foul Ball, location: 2F
1-2: Foul Ball, location: 2F
1-2: Foul Ball, location: 2F
1-2: Strikes out swinging
Batting: RHB Roberto Rodríguez 0-0: Swinging Strike
0-1: Ball
1-1: Called Strike
1-2: Foul Ball, location: 2F
1-2: Ball
2-2: Foul Ball, location: 2F
2-2: Foul Ball, location: 2F
2-2: Ball
3-2: Strikes out swinging
Bottom of the 1st over - 1 run(s), 2 hit(s), 1 error(s), 1 left on base; Georgia Tech 0 - UCLA 1
TOP OF THE 2ND
Georgia Tech Yellow Jackets batting - Pitching for UCLA Bruins : RHP Salvador De Jesús
Batting: RHB Jonny Lord 0-0: Ball
1-0: Called Strike
1-1: SOLO HOME RUN (Flyball, 78XD), Distance : 369 ft
Batting: LHB Alan Moore 0-0: Fly out, F8 (Flyball, 78M)
Batting: SHB Ramón Valdés 0-0: Fly out, F3 (Popup, 23F)
Batting: RHB John Smith 0-0: Called Strike
0-1: Ball
1-1: Ball
2-1: Ground out 1-3 (Groundball, 23)
Top of the 2nd over - 1 run(s), 1 hit(s), 0 error(s), 0 left on base; Georgia Tech 1 - UCLA 1
BOTTOM OF THE 2ND
UCLA Bruins batting - Pitching for Georgia Tech Yellow Jackets : RHP Mark Anderson
Batting: LHB Simon Collins 0-0: Ball
1-0: Foul Ball, location: 2F
1-1: Ball
2-1: Foul Ball, location: 2F
2-2: Strikes out looking
Batting: LHB Scott Young 0-0: Ball
1-0: Foul Ball, location: 2F
1-1: Foul Ball, location: 2F
1-2: Foul Ball, location: 2F
1-2: Foul Ball, location: 2F
1-2: Ball
2-2: Fly out, F8 (Flyball, 8LM)
Batting: LHB Harvey Moore 0-0: Ball
1-0: Ball
2-0: Foul Ball, location: 2F
2-1: Foul Ball, location: 2F
2-2: Strikes out swinging
Bottom of the 2nd over - 0 run(s), 0 hit(s), 0 error(s), 0 left on base; Georgia Tech 1 - UCLA 1
TOP OF THE 3RD
Georgia Tech Yellow Jackets batting - Pitching for UCLA Bruins : RHP Salvador De Jesús
Batting: LHB Héctor Soto 0-0: Ball
1-0: Ball
2-0: Foul Ball, location: 2F
2-1: Swinging Strike
2-2: Foul Ball, location: 2F
2-2: Ball
3-2: Strikes out swinging
Batting: RHB Flint Todd 0-0: Ball
1-0: Foul Ball, location: 2F
1-1: Foul Ball, location: 2F
1-2: Ground out 6-3 (Groundball, 6)
Batting: SHB Alfonso Escasán 0-0: Ball
1-0: Swinging Strike
1-1: Foul Ball, location: 2F
1-2: Ball
2-2: Strikes out swinging
Top of the 3rd over - 0 run(s), 0 hit(s), 0 error(s), 0 left on base; Georgia Tech 1 - UCLA 1
BOTTOM OF THE 3RD
UCLA Bruins batting - Pitching for Georgia Tech Yellow Jackets : RHP Mark Anderson
Batting: RHB Dean Bailey 0-0: Called Strike
0-1: Called Strike
0-2: Foul Ball, location: 2F
0-2: Foul Ball, location: 2F
0-2: Strikes out swinging
Batting: LHB Pedro Ramos 0-0: Called Strike
0-1: Foul Ball, location: 2F
0-2: Fly out, F7 (Flyball, 78S)
Batting: RHB Bill Powell 0-0: Foul Ball, location: 2F
0-1: Ground out 5-3 (Groundball, 6)
Bottom of the 3rd over - 0 run(s), 0 hit(s), 0 error(s), 0 left on base; Georgia Tech 1 - UCLA 1
TOP OF THE 4TH
Georgia Tech Yellow Jackets batting - Pitching for UCLA Bruins : RHP Salvador De Jesús
Batting: RHB Brian Cannon 0-0: Ball
1-0: SINGLE (Groundball, 56)
Batting: RHB Luis Antonio Cuevas 0-0: Called Strike
0-1: Ball
1-1: Ball
2-1: Swinging Strike
2-2: Foul Ball, location: 2F
2-2: Ball
3-2: Foul Ball, location: 2F
3-2: Base on Balls
Brian Cannon to second
Batting: RHB Jonny Lord 0-0: Called Strike
0-1: Foul Ball, location: 2F
0-2: Foul Ball, location: 2F
0-2: Ball
1-2: Ball
Wild Pitch!
Brian Cannon to third
Luis Antonio Cuevas to second
2-2: Strikes out swinging
Batting: LHB Alan Moore 0-0: Fly out, F8 (Flyball, 8LS)
Batting: SHB Ramón Valdés 0-0: Ball
1-0: Ball
2-0: Foul Ball, location: 2F
2-1: Swinging Strike
2-2: SINGLE (Groundball, 34)
Brian Cannon scores
Luis Antonio Cuevas to third
Runner from 3rd tries for Home, SAFE, no throw or cutoff
Batting: RHB John Smith 0-0: Called Strike
0-1: Ground out 5-3 (Groundball, 56S)
Top of the 4th over - 2 run(s), 2 hit(s), 0 error(s), 1 left on base; Georgia Tech 3 - UCLA 1
BOTTOM OF THE 4TH
UCLA Bruins batting - Pitching for Georgia Tech Yellow Jackets : RHP Mark Anderson
Batting: RHB Lonnie Anderson 0-0: Ball
1-0: Ball
2-0: Ball
3-0: Called Strike
3-1: Called Strike
3-2: Foul Ball, location: 2F
3-2: Fly out, F5 (Popup, 25F)
Batting: LHB Brian Bauer 0-0: Called Strike
0-1: Foul Ball, location: 2F
0-2: Strikes out looking
Batting: RHB Roberto Rodríguez 0-0: Called Strike
0-1: Swinging Strike
0-2: Ball
1-2: Strikes out swinging
Bottom of the 4th over - 0 run(s), 0 hit(s), 0 error(s), 0 left on base; Georgia Tech 3 - UCLA 1
TOP OF THE 5TH
Georgia Tech Yellow Jackets batting - Pitching for UCLA Bruins : RHP Salvador De Jesús
Batting: LHB Héctor Soto 0-0: Called Strike
0-1: Called Strike
0-2: Ball
1-2: Strikes out swinging
Batting: RHB Flint Todd 0-0: Foul Ball, location: 2F
0-1: Ball
1-1: Reached on error, E6 (Groundball, 6M)
Batting: SHB Alfonso Escasán 0-0: Called Strike
0-1: Called Strike
0-2: Ball
1-2: Foul Ball, location: 2F
1-2: Foul Ball, location: 2F
1-2: Ball
2-2: Ball
3-2: Ground out U3 (Groundball, 3S)
Flint Todd to third
Batting: RHB Brian Cannon 0-0: Ball
1-0: DOUBLE (Line Drive, 9LS)
Flint Todd scores
Batting: RHB Luis Antonio Cuevas 0-0: Ball
1-0: Swinging Strike
1-1: Called Strike
1-2: Strikes out swinging
Top of the 5th over - 1 run(s), 1 hit(s), 1 error(s), 1 left on base; Georgia Tech 4 - UCLA 1
BOTTOM OF THE 5TH
UCLA Bruins batting - Pitching for Georgia Tech Yellow Jackets : RHP Mark Anderson
Batting: LHB Simon Collins 0-0: Ball
1-0: Ball
2-0: Swinging Strike
2-1: Swinging Strike
2-2: Strikes out looking
Batting: LHB Scott Young 0-0: Ball
1-0: Ball
2-0: Ball
3-0: Called Strike
3-1: SINGLE (Groundball, 34D)
Pitching: RHP Johnathan Bates
Batting: LHB Harvey Moore 0-0: Fly out, F4 (Popup, 4)
Batting: RHB Dean Bailey 0-0: Called Strike
0-1: Foul Ball, location: 2F
0-2: Fielders Choice at 2nd, 5-4 (Groundball, 56)
Bottom of the 5th over - 0 run(s), 1 hit(s), 0 error(s), 0 left on base; Georgia Tech 4 - UCLA 1
TOP OF THE 6TH
Georgia Tech Yellow Jackets batting - Pitching for UCLA Bruins : RHP Salvador De Jesús
Pitching: RHP Francisco Gómez
Batting: RHB Jonny Lord 0-0: Ball
1-0: Ball
2-0: Ball
3-0: Called Strike
3-1: Fly out, F3 (Popup, 3DF)
Batting: LHB Alan Moore 0-0: Foul Ball, location: 2F
0-1: Ground out 4-3 (Groundball, 4)
Batting: SHB Ramón Valdés 0-0: Called Strike
0-1: Ball
1-1: Ball
2-1: Fly out, F4 (Line Drive, 4)
Top of the 6th over - 0 run(s), 0 hit(s), 0 error(s), 0 left on base; Georgia Tech 4 - UCLA 1
BOTTOM OF THE 6TH
UCLA Bruins batting - Pitching for Georgia Tech Yellow Jackets : RHP Johnathan Bates
Batting: LHB Pedro Ramos 0-0: SINGLE (Groundball, 4MD)
Batting: RHB Bill Powell 0-0: Foul Ball, location: 2F
0-1: Ball
1-1: Ball
2-1: Grounds into double play, 5-4-3 (Groundball, 5L)
Batting: RHB Lonnie Anderson 0-0: SINGLE (Line Drive, 89S)
Batting: LHB Brian Bauer 0-0: Called Strike
Lonnie Anderson steals 2nd base
0-1: SINGLE (Line Drive, 9S)
Lonnie Anderson to third
Runner from 3rd tries for Home, SAFE, no throw or cutoff
Batting: RHB Roberto Rodríguez 0-0: Ball
1-0: Ball
2-0: Ground out U3 (Groundball, 3)
Bottom of the 6th over - 1 run(s), 3 hit(s), 0 error(s), 1 left on base; Georgia Tech 4 - UCLA 2
TOP OF THE 7TH
Georgia Tech Yellow Jackets batting - Pitching for UCLA Bruins : RHP Francisco Gómez
Batting: RHB John Smith 0-0: Swinging Strike
0-1: Foul Ball, location: 2F
0-2: Ball
1-2: Ball
2-2: Ball
3-2: Foul Ball, location: 2F
3-2: Fly out, F7 (Line Drive, 7M)
Batting: LHB Héctor Soto 0-0: Ball
1-0: Ball
2-0: Ball
3-0: Base on Balls
Batting: RHB Flint Todd 0-0: Called Strike
0-1: Ground out 5-3 (Groundball, 56S)
Héctor Soto to second
Batting: SHB Alfonso Escasán 0-0: Ground out 6-3 (Groundball, 6M)
Top of the 7th over - 0 run(s), 0 hit(s), 0 error(s), 1 left on base; Georgia Tech 4 - UCLA 2
BOTTOM OF THE 7TH
UCLA Bruins batting - Pitching for Georgia Tech Yellow Jackets : RHP Johnathan Bates
Batting: LHB Simon Collins 0-0: Ball
1-0: Called Strike
1-1: Fly out, F2 (Popup, 2LF)
Pitching: RHP Aaron Wright
Batting: LHB Scott Young 0-0: Ball
1-0: Called Strike
1-1: Swinging Strike
1-2: Ground out U3 (Groundball, 3S)
Batting: LHB Harvey Moore 0-0: Ball
1-0: Ball
2-0: Called Strike
2-1: SINGLE (Line Drive, 7LS)
Batting: RHB Dean Bailey 0-0: Ball
1-0: Ball
2-0: Fly out, F1 (Popup, 13S)
Bottom of the 7th over - 0 run(s), 1 hit(s), 0 error(s), 1 left on base; Georgia Tech 4 - UCLA 2
TOP OF THE 8TH
Georgia Tech Yellow Jackets batting - Pitching for UCLA Bruins : RHP Francisco Gómez
Pitching: RHP Bob Walters
Batting: RHB Brian Cannon 0-0: Ball
1-0: Foul Ball, location: 2F
1-1: Ball
2-1: Ball
3-1: Base on Balls
Batting: RHB Luis Antonio Cuevas 0-0: Ball
1-0: Ball
2-0: Foul Ball, location: 2F
2-1: Grounds into double play, 6-4-3 (Groundball, 6)
Batting: RHB Jonny Lord 0-0: Called Strike
0-1: Swinging Strike
0-2: Ball
1-2: Ball
2-2: Foul Ball, location: 2F
2-2: Ball
3-2: Foul Ball, location: 2F
3-2: Fly out, F9 (Flyball, 9S)
Top of the 8th over - 0 run(s), 0 hit(s), 0 error(s), 0 left on base; Georgia Tech 4 - UCLA 2
BOTTOM OF THE 8TH
UCLA Bruins batting - Pitching for Georgia Tech Yellow Jackets : RHP Aaron Wright
Now at C: Steven Williams
Batting: LHB Pedro Ramos 0-0: Ball
1-0: Fly out, F7 (Flyball, 7LM)
Batting: RHB Bill Powell 0-0: Called Strike
0-1: Ball
1-1: Swinging Strike
1-2: Ball
2-2: Ground out 6-3 (Groundball, 6M)
Batting: RHB Lonnie Anderson 0-0: Reached on Error, E8 (Line Drive, 8RM)
Pitching: LHP Michael Stewart
Batting: LHB Brian Bauer 0-0: Foul Ball, location: 2F
0-1: Fly out, F9 (Flyball, 89M)
Bottom of the 8th over - 0 run(s), 0 hit(s), 1 error(s), 1 left on base; Georgia Tech 4 - UCLA 2
TOP OF THE 9TH
Georgia Tech Yellow Jackets batting - Pitching for UCLA Bruins : RHP Bob Walters
Batting: LHB Alan Moore 0-0: Ball
1-0: Called Strike
1-1: Ball
2-1: Ball
3-1: Base on Balls
Batting: SHB Ramón Valdés 0-0: Ball
1-0: Bunted foul
1-1: Sac Bunt - play at first, batter OUT! 5-4
Alan Moore to second
Batting: RHB John Smith 0-0: Ball
1-0: Ball
2-0: Called Strike
2-1: Ball
3-1: Called Strike
3-2: Foul Ball, location: 2F
3-2: Fly out, F9 (Flyball, 8RS)
Batting: LHB Héctor Soto 0-0: SINGLE (Line Drive, 56D)
Alan Moore to third
Runner from 3rd tries for Home, SAFE, throw made home
Batting: RHB Flint Todd 0-0: Called Strike
0-1: Foul Ball, location: 2F
0-2: Ball
1-2: Foul Ball, location: 2F
1-2: Foul Ball, location: 2F
1-2: Ball
2-2: Strikes out swinging
Top of the 9th over - 1 run(s), 1 hit(s), 0 error(s), 1 left on base; Georgia Tech 5 - UCLA 2
BOTTOM OF THE 9TH
UCLA Bruins batting - Pitching for Georgia Tech Yellow Jackets : LHP Michael Stewart
Pitching: RHP Randall Martin
Now at SS: Pete McKee
Now in CF: Brendon Little
Batting: RHB Roberto Rodríguez 0-0: Ball
1-0: Called Strike
1-1: Ground out 4-3 (Groundball, 4)
Batting: LHB Simon Collins 0-0: Called Strike
0-1: Ball
1-1: Foul Ball, location: 2F
1-2: Ball
2-2: SINGLE (Flyball, 9LM)
Batting: LHB Scott Young 0-0: Swinging Strike
0-1: Foul Ball, location: 2F
0-2: Strikes out swinging
Batting: LHB Harvey Moore 0-0: Called Strike
0-1: Ground out 4-3 (Groundball, 4)
Bottom of the 9th over - 0 run(s), 1 hit(s), 0 error(s), 1 left on base; Georgia Tech 5 - UCLA 2
This league is powered by Out of the Park Baseball, the baseball management simulation game for PC, Mac and Linux
Wednesday, December 2nd, 2015 - OOTP Baseball 16.8 Build 38